cohdb
Replays
Latest Replays
All Replays
Popular Replays
Top Player Replays
Match Explorer
How It Works
Community
CoH3 Stats
Reddit
Sign in to upload your games and track your stats! →
Sign in with Steam
Match 41382870
Unlisted
Match 41382870
Overview
Messages
Build Orders
End
Royal Engineer Section
Selects Canadian Shock Battlegroup
Construct Section Command Post
Infantry Section
ML 3-inch Mortar Team
Dingo Light Scout Car
Grenade Package
Infantry Section
Selects Attacking Spirit
Selects Canadian Shock Section
Construct Field Infirmary
Vickers Machine Gun Team
WadoVice
uboat37
0
0
Comments
sign in to comment!
No comments posted yet!